TOP OF THE 1ST |
Springfield Stars batting - Pitching for Seattle Pikes : LHP Mike Graves
|
Pitching: LHP Mike Graves
|
|
Batting: RHB Calvin Bennett
|
0-0: Foul Ball, location: 2F 0-1: Ball 1-1: Swinging Strike 1-2: Foul Ball, location: 2F 1-2: Ball 2-2: Foul Ball, location: 2F 2-2: Ball 3-2: SINGLE (Groundball, 6) (infield hit)
|
Batting: SHB David García
|
0-0: Ball 1-0: Ball 2-0: Ball 3-0: Called Strike 3-1: Foul Ball, location: 2F 3-2: Foul Ball, location: 2F 3-2: Foul Ball, location: 2F 3-2: Strikes out swinging
|
Batting: LHB Derek Davidson
|
0-0: Foul Ball, location: 2F 0-1: DOUBLE (Line Drive, 89XD) Calvin Bennett to third Runner from 3rd tries for Home, SAFE, no throw
|
Batting: RHB Juan Rodríguez
|
0-0: Ball 1-0: Reached on error, E7 (Line Drive, 7) Derek Davidson scores
|
Batting: LHB Elliott Newell
|
0-0: Ball 1-0: Foul Ball, location: 2F 1-1: SINGLE (Groundball, 56D) Juan Rodríguez to third Runner from 3rd tries for Home, SAFE, no throw
|
Batting: RHB Juan Carlos Rodríguez
|
0-0: Ball 1-0: Called Strike 1-1: Foul Ball, location: 2F 1-2: Ball 2-2: Fly out, F3 (Popup, 3)
|
Batting: SHB Shane Hutchinson
|
0-0: Ball 1-0: Ball 2-0: Ball 3-0: Called Strike 3-1: Base on Balls Elliott Newell to second
|
Batting: RHB Will Sterling
|
0-0: Ball 1-0: TRIPLE (Flyball, 89D) Elliott Newell scores Shane Hutchinson scores
|
Batting: LHB Jesús Tobías
|
0-0: Ball 1-0: Called Strike 1-1: Ball 2-1: Foul Ball, location: 2F 2-2: Ground out U3 (Groundball, 34)
|
Top of the 1st over - 5 run(s), 4 hit(s), 1 error(s), 1 left on base; Springfield 5 - Seattle 0 |
BOTTOM OF THE 1ST |
Seattle Pikes batting - Pitching for Springfield Stars : RHP Dae-ho Kim
|
Pitching: RHP Dae-ho Kim
|
|
Batting: LHB Sixto Cortés
|
0-0: Ground out 6-3 (Groundball, 6)
|
Batting: SHB António Hernández
|
0-0: Called Strike 0-1: Foul Ball, location: 2F 0-2: Ball 1-2: Strikes out swinging
|
Batting: RHB Iván Gonzáles
|
0-0: Called Strike 0-1: Foul Ball, location: 2F 0-2: Ball 1-2: Strikes out swinging
|
Bottom of the 1st over - 0 run(s), 0 hit(s), 0 error(s), 0 left on base; Springfield 5 - Seattle 0 |
TOP OF THE 2ND |
Springfield Stars batting - Pitching for Seattle Pikes : LHP Mike Graves
|
Batting: RHB Calvin Bennett
|
0-0: Ball 1-0: Ground out 6-3 (Groundball, 6)
|
Batting: SHB David García
|
0-0: Called Strike 0-1: Ball 1-1: Foul Ball, location: 2F 1-2: Ball 2-2: Foul Ball, location: 2F 2-2: Strikes out swinging
|
Batting: LHB Derek Davidson
|
0-0: Called Strike 0-1: Ground out 1-3 (Groundball, P)
|
Top of the 2nd over - 0 run(s), 0 hit(s), 0 error(s), 0 left on base; Springfield 5 - Seattle 0 |
BOTTOM OF THE 2ND |
Seattle Pikes batting - Pitching for Springfield Stars : RHP Dae-ho Kim
|
Batting: RHB António Ortega
|
0-0: Ball 1-0: SINGLE (Groundball, 34D)
|
Batting: LHB Brandon Cummings
|
0-0: Foul Ball, location: 2F 0-1: Ball 1-1: Foul Ball, location: 2F 1-2: Foul Ball, location: 2F 1-2: Strikes out swinging
|
Batting: LHB Jesús Núńez
|
0-0: Called Strike 0-1: Ball 1-1: Swinging Strike Passed Ball! António Ortega to second 1-2: Reached on error, E3 (Groundball, 34S) António Ortega to third
|
Batting: RHB Roberto Zamora
|
0-0: Ball 1-0: Ball 2-0: Called Strike 2-1: Grounds into double play, 5-4-3 (Groundball, 56)
|
Bottom of the 2nd over - 0 run(s), 1 hit(s), 1 error(s), 1 left on base; Springfield 5 - Seattle 0 |
TOP OF THE 3RD |
Springfield Stars batting - Pitching for Seattle Pikes : LHP Mike Graves
|
Batting: RHB Juan Rodríguez
|
0-0: Ball 1-0: DOUBLE (Groundball, 5L)
|
Batting: LHB Elliott Newell
|
0-0: Called Strike 0-1: Ball 1-1: Fly out, F6 (Line Drive, 6M)
|
Batting: RHB Juan Carlos Rodríguez
|
0-0: Ball 1-0: Called Strike 1-1: Swinging Strike 1-2: Foul Ball, location: 2F 1-2: Ball 2-2: Ball 3-2: Foul Ball, location: 2F 3-2: Base on Balls
|
Batting: SHB Shane Hutchinson
|
0-0: Called Strike 0-1: Swinging Strike 0-2: Ball 1-2: Ball 2-2: Foul Ball, location: 2F 2-2: Ball 3-2: Foul Ball, location: 2F 3-2: Ground out 5-3 (Groundball, 56S) Juan Rodríguez to third Juan Carlos Rodríguez to second
|
Batting: RHB Will Sterling
|
0-0: Foul Ball, location: 2F 0-1: Foul Ball, location: 2F 0-2: Foul Ball, location: 2F 0-2: Ball 1-2: Ground out 5-3 (Groundball, 5)
|
Top of the 3rd over - 0 run(s), 1 hit(s), 0 error(s), 2 left on base; Springfield 5 - Seattle 0 |
BOTTOM OF THE 3RD |
Seattle Pikes batting - Pitching for Springfield Stars : RHP Dae-ho Kim
|
Batting: LHB Richard Hunter
|
0-0: Ball 1-0: Ball 2-0: SINGLE (Flyball, 7LS)
|
Batting: RHB Tae-kwon Kwon
|
0-0: Ball 1-0: Fly out, F8 (Flyball, 8RM)
|
Batting: LHB Sixto Cortés
|
0-0: Ball 1-0: Ball Wild Pitch! Richard Hunter to second 2-0: Ball 3-0: Base on Balls
|
Batting: SHB António Hernández
|
0-0: Ball 1-0: Called Strike 1-1: Ball 2-1: Fielders Choice at 2nd, 6-4 (Groundball, 6) Richard Hunter to third
|
Batting: RHB Iván Gonzáles
|
0-0: Ball 1-0: Foul Ball, location: 2F 1-1: SINGLE (Groundball, 4D) Richard Hunter scores António Hernández to second Runner from 2nd tries for 3rd, SAFE, no throw
|
Batting: RHB António Ortega
|
0-0: Ball 1-0: Ball 2-0: Called Strike 2-1: DOUBLE (Line Drive, 7LM) António Hernández scores Iván Gonzáles to third Runner from 3rd tries for Home, SAFE, no throw
|
Batting: LHB Brandon Cummings
|
0-0: Ball 1-0: Called Strike 1-1: Ball 2-1: Ball 3-1: Base on Balls
|
Batting: LHB Jesús Núńez
|
0-0: Called Strike 0-1: Called Strike 0-2: Ball 1-2: Strikes out swinging
|
Bottom of the 3rd over - 3 run(s), 3 hit(s), 0 error(s), 2 left on base; Springfield 5 - Seattle 3 |
TOP OF THE 4TH |
Springfield Stars batting - Pitching for Seattle Pikes : LHP Mike Graves
|
Batting: LHB Jesús Tobías
|
0-0: Foul Ball, location: 2F 0-1: SINGLE (Line Drive, 4D)
|
Batting: RHB Calvin Bennett
|
0-0: Ball 1-0: SINGLE (Flyball, 9LS) Jesús Tobías to second Runner from 2nd tries for 3rd, SAFE, throw made to third
|
Batting: SHB David García
|
0-0: Fielders Choice at 2nd, 4-6 (Groundball, 34) Jesús Tobías scores
|
Batting: LHB Derek Davidson
|
0-0: Ball 1-0: Foul Ball, location: 2F 1-1: Ball 2-1: Ball 3-1: Called Strike 3-2: Strikes out swinging
|
Batting: RHB Juan Rodríguez
|
0-0: Fly out, F8 (Flyball, 8RXD)
|
Top of the 4th over - 1 run(s), 2 hit(s), 0 error(s), 1 left on base; Springfield 6 - Seattle 3 |
BOTTOM OF THE 4TH |
Seattle Pikes batting - Pitching for Springfield Stars : RHP Dae-ho Kim
|
Batting: RHB Roberto Zamora
|
0-0: Ball 1-0: Called Strike 1-1: Foul Ball, location: 2F 1-2: Ball 2-2: Ball 3-2: Foul Ball, location: 2F 3-2: SOLO HOME RUN (Flyball, 7D), Distance : 372 ft
|
Batting: LHB Richard Hunter
|
0-0: Ball 1-0: Ball 2-0: Ball 3-0: Base on Balls
|
Batting: RHB Tae-kwon Kwon
|
0-0: Ball 1-0: Fly out, F8 (Flyball, 78M)
|
Pitching: LHP John Livingston
|
|
Batting: LHB Sixto Cortés
|
0-0: Ball 1-0: Ball 2-0: Ball 3-0: Called Strike 3-1: Base on Balls Richard Hunter to second
|
Batting: SHB António Hernández
|
0-0: Fielders Choice at 2nd, 3-6 (Groundball, 34) Richard Hunter to third
|
Batting: RHB Iván Gonzáles
|
0-0: Ball 1-0: Foul Ball, location: 2F 1-1: Ball 2-1: Foul Ball, location: 2F 2-2: Foul Ball, location: 2F 2-2: Strikes out swinging
|
Bottom of the 4th over - 1 run(s), 1 hit(s), 0 error(s), 2 left on base; Springfield 6 - Seattle 4 |
TOP OF THE 5TH |
Springfield Stars batting - Pitching for Seattle Pikes : LHP Mike Graves
|
Pitching: RHP Ernesto Beltrán
|
|
Batting: LHB Elliott Newell
|
0-0: Ball 1-0: Swinging Strike 1-1: Ground out 6-3 (Groundball, 6)
|
Batting: RHB Juan Carlos Rodríguez
|
0-0: Ball 1-0: Fly out, F6 (Popup, 6MD)
|
Batting: SHB Shane Hutchinson
|
0-0: Ball 1-0: Foul Ball, location: 2F 1-1: Foul Ball, location: 2F 1-2: Fly out, F7 (Flyball, 7)
|
Top of the 5th over - 0 run(s), 0 hit(s), 0 error(s), 0 left on base; Springfield 6 - Seattle 4 |
BOTTOM OF THE 5TH |
Seattle Pikes batting - Pitching for Springfield Stars : LHP John Livingston
|
Batting: RHB António Ortega
|
0-0: Ball 1-0: Fly out, F7 (Line Drive, 7)
|
Batting: LHB Brandon Cummings
|
0-0: Ball 1-0: Called Strike 1-1: Ground out 2-3 (Groundball, 15S)
|
Batting: LHB Jesús Núńez
|
0-0: Ball 1-0: DOUBLE (Line Drive, 9LM)
|
Batting: RHB Roberto Zamora
|
0-0: Ground out 6-3 (Groundball, 6)
|
Bottom of the 5th over - 0 run(s), 1 hit(s), 0 error(s), 1 left on base; Springfield 6 - Seattle 4 |
TOP OF THE 6TH |
Springfield Stars batting - Pitching for Seattle Pikes : RHP Ernesto Beltrán
|
Batting: RHB Will Sterling
|
0-0: Ball 1-0: Called Strike 1-1: Ground out 5-3 (Groundball, 5)
|
Batting: LHB Jesús Tobías
|
0-0: Ball 1-0: Called Strike 1-1: Fly out, F9 (Line Drive, 9LM)
|
Pinch Hitting: LHB Yoshiaki Ohayashi
|
0-0: Called Strike 0-1: Called Strike 0-2: Strikes out looking
|
Top of the 6th over - 0 run(s), 0 hit(s), 0 error(s), 0 left on base; Springfield 6 - Seattle 4 |
BOTTOM OF THE 6TH |
Seattle Pikes batting - Pitching for Springfield Stars : LHP John Livingston
|
Now in LF: Yoshiaki Ohayashi
|
|
Batting: LHB Richard Hunter
|
0-0: Called Strike 0-1: Ball 1-1: Ball 2-1: Called Strike 2-2: Ball 3-2: Foul Ball, location: 2F 3-2: Fly out, F9 (Flyball, 89S)
|
Pitching: RHP José Valdéz
|
|
Batting: RHB Tae-kwon Kwon
|
0-0: Ball 1-0: Called Strike 1-1: Ball 2-1: Foul Ball, location: 2F 2-2: Ground out 3-1 (Groundball, 34)
|
Batting: LHB Sixto Cortés
|
0-0: Ground out 3-1 (Groundball, 34)
|
Bottom of the 6th over - 0 run(s), 0 hit(s), 0 error(s), 0 left on base; Springfield 6 - Seattle 4 |
TOP OF THE 7TH |
Springfield Stars batting - Pitching for Seattle Pikes : RHP Ernesto Beltrán
|
Pinch Hitting: RHB Cho-yun Qiao
|
0-0: Swinging Strike 0-1: Ball 1-1: Ball 2-1: Called Strike 2-2: Ball 3-2: Base on Balls
|
Pitching: LHP Jerry Beck
|
|
Batting: LHB Derek Davidson
|
0-0: DOUBLE (Line Drive, 89M) Cho-yun Qiao to third
|
Batting: LHB Ryan Drake
|
0-0: Called Strike 0-1: Foul Ball, location: 2F 0-2: Ball Wild Pitch! Cho-yun Qiao scores Derek Davidson to third 1-2: Foul Ball, location: 2F 1-2: Ball 2-2: Ball 3-2: Foul Ball, location: 2F 3-2: Ground out 1-3 (Groundball, P)
|
Pitching: LHP Manny Sandoval
|
|
Pinch Hitting: SHB Martín Medina
|
0-0: Ball 1-0: Foul Ball, location: 2F 1-1: Called Strike 1-2: Strikes out swinging
|
Pinch Hitting: RHB Desi Thompson
|
0-0: Foul Ball, location: 2F 0-1: Swinging Strike 0-2: Strikes out swinging
|
Top of the 7th over - 1 run(s), 1 hit(s), 0 error(s), 1 left on base; Springfield 7 - Seattle 4 |
BOTTOM OF THE 7TH |
Seattle Pikes batting - Pitching for Springfield Stars : RHP José Valdéz
|
Now at 1B: Cho-yun Qiao
|
|
Now at SS: Desi Thompson
|
|
Now in CF: Martín Medina
|
|
Pinch Hitting: RHB Manuel Rico
|
0-0: Ball 1-0: Ball 2-0: Swinging Strike 2-1: Called Strike 2-2: Strikes out swinging
|
Pinch Hitting: RHB Murai Ishihara
|
0-0: Fly out, F9 (Line Drive, 89S)
|
Pinch Hitting: RHB Juan Brieno
|
0-0: Fly out, F9 (Line Drive, 9)
|
Bottom of the 7th over - 0 run(s), 0 hit(s), 0 error(s), 0 left on base; Springfield 7 - Seattle 4 |
TOP OF THE 8TH |
Springfield Stars batting - Pitching for Seattle Pikes : LHP Manny Sandoval
|
Now at 1B: Murai Ishihara
|
|
Now at 2B: Juan Brieno
|
|
Now at 3B: Don Soper
|
|
Batting: SHB Shane Hutchinson
|
0-0: Ball 1-0: Called Strike 1-1: Fly out, F9 (Flyball, 9)
|
Batting: RHB Will Sterling
|
0-0: Ball 1-0: Fly out, F7 (Flyball, 78S)
|
Pinch Hitting: RHB José Pinto
|
0-0: Called Strike 0-1: Foul Ball, location: 2F 0-2: Ball 1-2: Foul Ball, location: 2F 1-2: Strikes out looking
|
Top of the 8th over - 0 run(s), 0 hit(s), 0 error(s), 0 left on base; Springfield 7 - Seattle 4 |
BOTTOM OF THE 8TH |
Seattle Pikes batting - Pitching for Springfield Stars : RHP José Valdéz
|
Now at SS: José Pinto
|
|
Pinch Hitting: RHB Randy Sheppard
|
0-0: Ball 1-0: Ball 2-0: Ball 3-0: Called Strike 3-1: Fly out, F6 (Popup, 56D)
|
Pitching: LHP Fred Villa
|
|
Pinch Hitting: RHB Arnold Harmon
|
0-0: Called Strike 0-1: Ball 1-1: Called Strike 1-2: Ball 2-2: DOUBLE (Line Drive, 89M)
|
Pinch Hitting: RHB Pete Rideout
|
0-0: Ground out 1-3 (Groundball, 15S)
|
Pinch Hitting: RHB Alberto Pérez
|
0-0: Called Strike 0-1: Ground out 6-3 (Groundball, 56)
|
Bottom of the 8th over - 0 run(s), 1 hit(s), 0 error(s), 1 left on base; Springfield 7 - Seattle 4 |
TOP OF THE 9TH |
Springfield Stars batting - Pitching for Seattle Pikes : LHP Manny Sandoval
|
Pitching: LHP Cristián Escobar
|
|
Now at 3B: Arnold Harmon
|
|
Now in LF: Henning Huisman
|
|
Now in CF: Randy Sheppard
|
|
Now in RF: Hamilton Holbrook
|
|
Batting: LHB Yoshiaki Ohayashi
|
0-0: Ball 1-0: Called Strike 1-1: Called Strike 1-2: Ball 2-2: Ball 3-2: Strikes out swinging
|
Batting: RHB Cho-yun Qiao
|
0-0: Ball 1-0: SINGLE (Line Drive, 4MD)
|
Batting: LHB Derek Davidson
|
0-0: Swinging Strike 0-1: Foul Ball, location: 2F 0-2: Strikes out swinging
|
Batting: LHB Ryan Drake
|
0-0: Ball 1-0: Foul Ball, location: 2F 1-1: Ball 2-1: Called Strike 2-2: Ground out U3 (Groundball, 34S)
|
Top of the 9th over - 0 run(s), 1 hit(s), 0 error(s), 1 left on base; Springfield 7 - Seattle 4 |
BOTTOM OF THE 9TH |
Seattle Pikes batting - Pitching for Springfield Stars : LHP Fred Villa
|
Pitching: LHP Jorge Aybar
|
|
Batting: RHB Wallace Greene
|
0-0: Ball 1-0: SINGLE (Line Drive, 4)
|
Pinch Hitting: RHB Robert Johnson
|
0-0: Fly out, F8 (Flyball, 89M)
|
Batting: LHB Don Soper
|
0-0: Called Strike 0-1: Called Strike 0-2: Ball 1-2: Ball 2-2: Foul Ball, location: 2F 2-2: Grounds into double play, 3-6-3 (Groundball, 3)
|
Bottom of the 9th over - 0 run(s), 1 hit(s), 0 error(s), 0 left on base; Springfield 7 - Seattle 4 |
|